[ AOE2 MATCH · #474904486 ]
UnrankedMongols vs Turks
Player's team · LOSS
[ REPLAY ANALYSIS · EXTRACTED FROM THE RECORDED GAME ]
Feudal
8:08
Castle
21:17
Imperial
35:01
| APM avg | 38.4 |
| APM peak | 75 |
| eAPM avg | 26.4 |
| Villagers / military | 193 / 33 |
Focus
⚔️ 33.4% · 🌾 66.6%
Battering Ram ×32 · Mangonel ×1
Feudal
10:34
Castle
14:34
Imperial
30:27
| APM avg | 38.5 |
| APM peak | 64 |
| eAPM avg | 19.8 |
| Villagers / military | 171 / 118 |
Focus
⚔️ 25.6% · 🌾 74.4%
Camel Scout ×51 · Janissary ×33 · Scout Cavalry ×21 · Trade Cart ×15 · Bombard Cannon ×7 · Monk ×3
Feudal
10:43
Castle
16:15
Imperial
—
| APM avg | 43.8 |
| APM peak | 88 |
| eAPM avg | 20.2 |
| Villagers / military | 45 / 16 |
Focus
⚔️ 24.7% · 🌾 75.3%
Monk ×15 · Scorpion ×1
Feudal
11:11
Castle
15:06
Imperial
32:37
| APM avg | 41.2 |
| APM peak | 90 |
| eAPM avg | 20.1 |
| Villagers / military | 172 / 114 |
Focus
⚔️ 21.8% · 🌾 78.2%
Skirmisher ×100 · Conquistador ×5 · Trebuchet (Packed) ×5 · Petard ×3 · Monk ×1
Feudal
11:33
Castle
21:24
Imperial
32:56
| APM avg | 28.4 |
| APM peak | 62 |
| eAPM avg | 18.6 |
| Villagers / military | 136 / 146 |
Focus
⚔️ 31.9% · 🌾 68.1%
Spearman ×146 · Unknown (1968) ×11
Feudal
10:10
Castle
15:03
Imperial
31:56
| APM avg | 58.4 |
| APM peak | 123 |
| eAPM avg | 33.7 |
| Villagers / military | 155 / 80 |
Focus
⚔️ 35.7% · 🌾 64.3%
Ballista Elephant ×79 · Monk ×1
Feudal
13:12
Castle
18:23
Imperial
30:28
| APM avg | 55.6 |
| APM peak | 97 |
| eAPM avg | 31.8 |
| Villagers / military | 240 / 125 |
Focus
⚔️ 36.8% · 🌾 63.2%
War Elephant ×97 · Trade Cart ×17 · Militia ×14 · Petard ×11 · Monk ×1 · Scout Cavalry ×1
Feudal
11:51
Castle
16:36
Imperial
31:53
| APM avg | 42.8 |
| APM peak | 94 |
| eAPM avg | 26.8 |
| Villagers / military | 163 / 132 |
Focus
⚔️ 34.6% · 🌾 65.4%
Battle Elephant ×109 · Scout Cavalry ×14 · Knight ×6 · Monk ×2 · Trebuchet (Packed) ×1
Match map
Initial resources + every placement click. Lines = walls · curves = elevation contours. ◆ gold · ⬟ stone · ● berries · ✦ relic · ◌ wall gap
Your base· ✓ Closed at 21:17 · 97t walls · 1 gate(s)
UrielFlocru's base· ✓ Closed at 14:34 · 0t walls · no gate
DL | Diosito Piola all's base· Open — opponent sealed themselves in
[CL] ElPali's base· ✓ Closed at 15:06 · 22t walls · no gate
Remo's base· ✓ Closed at 21:24 · 55t walls · no gate
Nedture's base· Open — opponent sealed themselves in
SiMpSoN's base· ✓ Closed at 18:23 · 20t walls · no gate
The King Slayer's base· Open — opponent sealed themselves in
Smoothed initial terrain · ◌ = detected wall gap · hover for details
Inputs per minute
— Mariano Freudenthal Porteño - - UrielFlocru
Build order — Mariano Freudenthal Porteño
First 150 of 418 actions detected
| 0:04 | Create | Villager (Male) |
| 0:05 | Create | Villager (Male) |
| 0:05 | Build | House |
| 0:06 | Build | House |
| 0:16 | Create | Villager (Male) |
| 0:19 | Create | Villager (Male) |
| 1:23 | Build | Lumber Camp |
| 1:36 | Build | House |
| 1:40 | Create | Villager (Male) |
| 2:06 | Create | Villager (Male) |
| 2:30 | Create | Villager (Male) |
| 3:03 | Create | Villager (Male) |
| 3:27 | Create | Villager (Male) |
| 3:46 | Create | Villager (Male) |
| 3:51 | Create | Villager (Male) |
| 3:56 | Build | Mill |
| 4:01 | Create | Villager (Male) |
| 4:11 | Create | Villager (Male) |
| 4:42 | Create | Villager (Male) |
| 4:47 | Create | Villager (Male) |
| 5:13 | Research | Loom |
| 5:41 | Research | Feudal Age |
| 6:13 | Build | Mining Camp |
| 6:59 | Build | House |
| 7:54 | Create | Villager (Male) |
| 8:08 | Age | Feudal Age |
| 8:14 | Build | Watch Tower |
| 8:16 | Research | Double-Bit Axe |
| 8:17 | Research | Horse Collar |
| 8:18 | Create | Villager (Male) |
| 8:21 | Research | Town Watch |
| 8:21 | Research | Town Watch |
| 8:37 | Build | Mining Camp |
| 9:10 | Create | Villager (Male) |
| 9:16 | Build | Farm |
| 9:18 | Build | Farm |
| 9:56 | Create | Villager (Male) |
| 10:16 | Build | Farm |
| 10:38 | Create | Villager (Male) |
| 10:42 | Build | House |
| 10:51 | Build | Watch Tower |
| 11:00 | Build | Farm |
| 11:04 | Create | Villager (Male) |
| 11:05 | Create | Villager (Male) |
| 11:23 | Build | Farm |
| 11:39 | Create | Villager (Male) |
| 11:39 | Create | Villager (Male) |
| 11:44 | Build | Farm |
| 12:03 | Build | Blacksmith |
| 12:05 | Create | Villager (Male) |
| 12:21 | Create | Villager (Male) |
| 12:21 | Create | Villager (Male) |
| 12:52 | Create | Villager (Male) |
| 12:53 | Create | Villager (Male) |
| 13:01 | Build | House |
| 13:03 | Create | Villager (Male) |
| 13:23 | Research | Fletching |
| 13:24 | Research | Fletching |
| 13:40 | Create | Villager (Male) |
| 13:41 | Create | Villager (Male) |
| 13:54 | Create | Villager (Male) |
| 14:11 | Create | Villager (Male) |
| 14:12 | Create | Villager (Male) |
| 14:27 | Create | Villager (Male) |
| 14:29 | Build | Farm |
| 14:34 | Build | House |
| 14:44 | Create | Villager (Male) |
| 15:11 | Create | Villager (Male) |
| 15:18 | Build | Stone Wall |
| 15:19 | Build | Stone Wall |
| 15:21 | Build | Gate |
| 15:22 | Create | Villager (Male) |
| 15:34 | Create | Villager (Male) |
| 15:47 | Build | Stone Wall |
| 15:49 | Build | Stone Wall |
| 15:50 | Build | Stone Wall |
| 16:01 | Create | Villager (Male) |
| 16:04 | Build | Market |
| 16:13 | Build | Stone Wall |
| 16:24 | Research | Wheelbarrow |
| 16:24 | Create | Villager (Male) |
| 16:35 | Build | Stone Wall |
| 16:36 | Build | Stone Wall |
| 16:37 | Build | Stone Wall |
| 16:40 | Build | Stone Wall |
| 16:53 | Build | Stone Wall |
| 17:12 | Build | Stone Wall |
| 17:30 | Build | Stone Wall |
| 17:38 | Build | Stone Wall |
| 17:39 | Build | Stone Wall |
| 18:24 | Build | Stone Wall |
| 18:25 | Build | Stone Wall |
| 18:37 | Research | Castle Age |
| 19:32 | Build | Stone Wall |
| 19:32 | Build | Stone Wall |
| 19:58 | Create | Villager (Male) |
| 20:16 | Build | Stone Wall |
| 20:20 | Build | Stone Wall |
| 20:28 | Build | Stone Wall |
| 20:45 | Build | Stone Wall |
| 20:47 | Build | Stone Wall |
| 20:52 | Create | Villager (Male) |
| 21:13 | Build | Stone Wall |
| 21:17 | Age | Castle Age |
| 21:21 | Create | Villager (Male) |
| 21:22 | Build | Siege Workshop |
| 21:23 | Research | Bow Saw |
| 21:24 | Research | Heavy Plow |
| 21:25 | Create | Villager (Male) |
| 21:27 | Build | Town Center |
| 21:38 | Create | Villager (Male) |
| 21:39 | Create | Villager (Male) |
| 21:40 | Create | Villager (Male) |
| 21:54 | Create | Villager (Male) |
| 22:04 | Create | Mangonel |
| 22:30 | Create | Villager (Male) |
| 22:44 | Create | Villager (Male) |
| 22:50 | Create | Villager (Male) |
| 22:56 | Build | Town Center |
| 23:02 | Create | Villager (Male) |
| 23:11 | Create | Villager (Male) |
| 23:11 | Create | Villager (Male) |
| 23:18 | Create | Villager (Male) |
| 23:30 | Create | Villager (Male) |
| 23:32 | Create | Villager (Male) |
| 23:32 | Create | Villager (Male) |
| 23:32 | Create | Villager (Male) |
| 23:32 | Create | Villager (Male) |
| 23:32 | Create | Villager (Male) |
| 23:36 | Create | Villager (Male) |
| 23:38 | Create | Villager (Male) |
| 23:45 | Create | Villager (Male) |
| 23:49 | Create | Villager (Male) |
| 23:51 | Create | Villager (Male) |
| 23:52 | Create | Villager (Male) |
| 23:55 | Create | Villager (Male) |
| 23:58 | Build | Town Center |
| 24:11 | Build | Farm |
| 24:15 | Create | Villager (Male) |
| 24:16 | Create | Villager (Male) |
| 24:17 | Build | Farm |
| 24:18 | Create | Villager (Male) |
| 24:36 | Create | Villager (Male) |
| 24:50 | Create | Villager (Male) |
| 24:50 | Create | Villager (Male) |
| 24:50 | Create | Villager (Male) |
| 25:03 | Create | Villager (Male) |
| 25:07 | Build | Town Center |
| 25:12 | Create | Villager (Male) |
| 25:17 | Build | House |
Build order — UrielFlocru
First 150 of 412 actions detected
| 0:01 | Create | Villager (Male) |
| 0:02 | Create | Villager (Male) |
| 0:03 | Build | House |
| 0:04 | Build | House |
| 0:16 | Create | Villager (Male) |
| 0:16 | Create | Villager (Male) |
| 1:17 | Create | Villager (Male) |
| 1:17 | Create | Villager (Male) |
| 1:44 | Create | Villager (Male) |
| 1:47 | Build | Lumber Camp |
| 2:10 | Create | Villager (Male) |
| 2:48 | Create | Villager (Male) |
| 3:05 | Create | Villager (Male) |
| 3:05 | Create | Villager (Male) |
| 3:30 | Create | Villager (Male) |
| 3:30 | Create | Villager (Male) |
| 3:39 | Build | House |
| 4:09 | Create | Villager (Male) |
| 4:09 | Create | Villager (Male) |
| 4:30 | Create | Villager (Male) |
| 4:30 | Create | Villager (Male) |
| 4:48 | Create | Villager (Male) |
| 5:08 | Build | Mill |
| 5:26 | Create | Villager (Male) |
| 5:39 | Create | Villager (Male) |
| 5:42 | Create | Villager (Male) |
| 5:44 | Build | House |
| 6:44 | Create | Villager (Male) |
| 6:45 | Create | Villager (Male) |
| 6:48 | Create | Villager (Male) |
| 7:07 | Build | House |
| 7:37 | Create | Villager (Male) |
| 8:10 | Research | Feudal Age |
| 8:44 | Build | Mining Camp |
| 9:30 | Create | Villager (Male) |
| 10:22 | Create | Villager (Male) |
| 10:34 | Age | Feudal Age |
| 10:36 | Create | Villager (Male) |
| 10:41 | Build | Blacksmith |
| 10:43 | Build | Market |
| 11:54 | Research | Castle Age |
| 11:54 | Research | Castle Age |
| 12:23 | Research | Horse Collar |
| 12:26 | Research | Double-Bit Axe |
| 12:27 | Research | Double-Bit Axe |
| 13:04 | Research | Loom |
| 13:25 | Research | Horse Collar |
| 13:27 | Build | Farm |
| 13:28 | Build | Farm |
| 13:29 | Build | Farm |
| 13:30 | Build | Farm |
| 13:42 | Create | Villager (Male) |
| 13:57 | Build | House |
| 13:58 | Build | House |
| 14:00 | Build | House |
| 14:12 | Create | Villager (Male) |
| 14:28 | Create | Villager (Male) |
| 14:34 | Age | Castle Age |
| 14:37 | Build | Town Center |
| 14:42 | Build | Town Center |
| 14:51 | Build | Farm |
| 14:51 | Build | Farm |
| 14:53 | Build | Farm |
| 14:55 | Create | Villager (Male) |
| 14:57 | Create | Villager (Male) |
| 15:18 | Build | Siege Workshop |
| 15:26 | Create | Villager (Male) |
| 15:50 | Create | Villager (Male) |
| 16:06 | Create | Mangonel |
| 16:06 | Create | Mangonel |
| 16:17 | Build | House |
| 16:18 | Create | Villager (Male) |
| 16:19 | Create | Villager (Male) |
| 16:20 | Create | Villager (Male) |
| 16:28 | Build | Farm |
| 16:33 | Create | Villager (Male) |
| 16:34 | Create | Villager (Male) |
| 16:48 | Create | Villager (Male) |
| 16:54 | Build | Farm |
| 16:59 | Build | Farm |
| 17:01 | Create | Villager (Male) |
| 17:28 | Create | Villager (Male) |
| 17:28 | Create | Villager (Male) |
| 17:39 | Build | Monastery |
| 17:48 | Create | Villager (Male) |
| 17:49 | Create | Villager (Male) |
| 17:49 | Create | Villager (Male) |
| 18:04 | Create | Battering Ram |
| 18:13 | Create | Villager (Male) |
| 18:14 | Create | Villager (Male) |
| 18:17 | Build | Farm |
| 18:17 | Build | Farm |
| 18:18 | Build | Farm |
| 18:18 | Build | Farm |
| 18:18 | Build | Farm |
| 18:20 | Create | Villager (Male) |
| 18:32 | Create | Monk |
| 18:38 | Build | House |
| 18:39 | Build | House |
| 18:41 | Create | Villager (Male) |
| 18:45 | Build | Farm |
| 18:46 | Build | Farm |
| 18:48 | Build | Farm |
| 18:49 | Create | Villager (Male) |
| 18:49 | Create | Villager (Male) |
| 18:53 | Build | Farm |
| 19:05 | Create | Villager (Male) |
| 19:05 | Create | Villager (Male) |
| 19:10 | Build | House |
| 19:11 | Build | House |
| 19:18 | Create | Monk |
| 19:20 | Create | Villager (Male) |
| 19:30 | Build | Farm |
| 19:31 | Create | Villager (Male) |
| 19:31 | Create | Villager (Male) |
| 19:34 | Build | House |
| 19:41 | Create | Monk |
| 19:44 | Create | Villager (Male) |
| 19:54 | Create | Villager (Male) |
| 19:55 | Create | Villager (Male) |
| 20:00 | Build | House |
| 20:00 | Build | House |
| 20:16 | Create | Villager (Male) |
| 20:16 | Create | Villager (Male) |
| 20:16 | Create | Villager (Male) |
| 20:38 | Create | Villager (Male) |
| 20:39 | Create | Villager (Male) |
| 20:39 | Create | Villager (Male) |
| 20:41 | Build | House |
| 20:42 | Build | House |
| 20:51 | Create | Villager (Male) |
| 20:51 | Create | Villager (Male) |
| 21:00 | Create | Villager (Male) |
| 21:09 | Build | Town Center |
| 21:11 | Create | Villager (Male) |
| 21:14 | Build | Mill |
| 21:14 | Build | Farm |
| 21:15 | Build | Farm |
| 21:15 | Build | Farm |
| 21:15 | Build | Farm |
| 21:15 | Build | Farm |
| 21:16 | Build | Farm |
| 21:16 | Build | Farm |
| 21:16 | Build | Farm |
| 21:16 | Build | Farm |
| 21:17 | Build | Farm |
| 21:38 | Create | Villager (Male) |
| 21:38 | Create | Villager (Male) |
| 21:38 | Create | Villager (Male) |
| 21:39 | Create | Villager (Male) |
Build order — DL | Diosito Piola all
138 actions detected in the replay
| 0:02 | Create | Villager (Male) |
| 0:03 | Create | Villager (Male) |
| 0:03 | Create | Villager (Male) |
| 0:07 | Build | House |
| 0:10 | Build | House |
| 0:12 | Create | Villager (Male) |
| 0:13 | Create | Villager (Male) |
| 1:01 | Research | Loom |
| 1:22 | Create | Villager (Male) |
| 1:22 | Create | Villager (Male) |
| 1:56 | Build | Palisade Wall |
| 2:03 | Create | Villager (Male) |
| 2:04 | Create | Villager (Male) |
| 2:04 | Create | Villager (Male) |
| 2:27 | Build | Lumber Camp |
| 2:29 | Create | Villager (Male) |
| 2:30 | Create | Villager (Male) |
| 2:30 | Create | Villager (Male) |
| 2:51 | Build | Palisade Wall |
| 3:08 | Create | Villager (Male) |
| 3:08 | Create | Villager (Male) |
| 4:04 | Create | Villager (Male) |
| 4:04 | Create | Villager (Male) |
| 4:05 | Create | Villager (Male) |
| 4:30 | Create | Villager (Male) |
| 5:33 | Create | Villager (Male) |
| 5:34 | Create | Villager (Male) |
| 5:38 | Build | House |
| 5:54 | Create | Villager (Male) |
| 5:54 | Create | Villager (Male) |
| 6:34 | Create | Villager (Male) |
| 6:59 | Build | Mill |
| 7:04 | Create | Villager (Male) |
| 7:34 | Build | House |
| 7:38 | Create | Villager (Male) |
| 8:08 | Create | Villager (Male) |
| 8:08 | Create | Villager (Male) |
| 8:18 | Research | Feudal Age |
| 10:07 | Build | House |
| 10:08 | Build | Palisade Wall |
| 10:33 | Create | Villager (Male) |
| 10:43 | Age | Feudal Age |
| 10:49 | Build | Stone Wall |
| 10:53 | Build | Stone Wall |
| 11:00 | Build | Stone Wall |
| 11:12 | Build | Stone Wall |
| 11:14 | Create | Villager (Male) |
| 11:15 | Create | Villager (Male) |
| 11:45 | Build | Market |
| 12:00 | Build | Palisade Wall |
| 12:26 | Build | Blacksmith |
| 12:46 | Build | Stone Wall |
| 13:03 | Build | Stone Wall |
| 13:05 | Build | Stone Wall |
| 13:35 | Research | Castle Age |
| 13:36 | Research | Castle Age |
| 13:40 | Build | Mining Camp |
| 13:46 | Create | Villager (Male) |
| 13:46 | Create | Villager (Male) |
| 13:46 | Create | Villager (Male) |
| 14:03 | Research | Double-Bit Axe |
| 14:03 | Research | Double-Bit Axe |
| 14:13 | Build | Farm |
| 14:15 | Build | Farm |
| 14:46 | Build | Outpost |
| 14:52 | Build | Farm |
| 14:57 | Build | Farm |
| 16:15 | Age | Castle Age |
| 16:18 | Create | Villager (Male) |
| 16:23 | Build | Town Center |
| 16:24 | Create | Villager (Male) |
| 16:48 | Build | House |
| 17:05 | Build | Mining Camp |
| 17:07 | Create | Villager (Male) |
| 17:29 | Build | Stone Wall |
| 17:36 | Build | Stone Wall |
| 17:42 | Build | Stone Wall |
| 17:48 | Build | Siege Workshop |
| 17:54 | Create | Villager (Male) |
| 17:54 | Create | Villager (Male) |
| 18:03 | Build | Monastery |
| 18:15 | Research | Bow Saw |
| 18:15 | Research | Bow Saw |
| 18:25 | Create | Villager (Male) |
| 18:48 | Build | Stone Wall |
| 19:00 | Build | Stone Wall |
| 19:11 | Build | Mining Camp |
| 19:43 | Build | Stone Wall |
| 21:40 | Create | Monk |
| 21:40 | Create | Monk |
| 21:49 | Create | Villager (Male) |
| 21:49 | Create | Villager (Male) |
| 21:49 | Create | Villager (Male) |
| 21:49 | Create | Villager (Male) |
| 21:50 | Create | Villager (Male) |
| 22:16 | Build | Stone Wall |
| 22:22 | Create | Monk |
| 22:23 | Create | Monk |
| 23:46 | Create | Scorpion |
| 23:51 | Create | Monk |
| 23:51 | Create | Monk |
| 25:03 | Build | Castle |
| 25:10 | Create | Monk |
| 25:10 | Create | Monk |
| 26:15 | Build | Stone Wall |
| 26:37 | Build | Stone Wall |
| 27:06 | Build | Stone Wall |
| 27:10 | Build | Stone Wall |
| 27:12 | Build | Stone Wall |
| 27:14 | Build | Stone Wall |
| 27:33 | Create | Monk |
| 27:33 | Create | Monk |
| 27:33 | Create | Monk |
| 27:34 | Create | Monk |
| 28:02 | Build | House |
| 28:35 | Build | Stone Wall |
| 29:27 | Build | Stone Wall |
| 30:01 | Build | Stone Wall |
| 30:06 | Build | Stone Wall |
| 30:14 | Create | Monk |
| 30:15 | Create | Monk |
| 30:15 | Create | Monk |
| 30:30 | Build | Town Center |
| 31:07 | Build | Stone Wall |
| 31:18 | Build | Stone Wall |
| 31:44 | Build | Stone Wall |
| 31:58 | Build | Stone Wall |
| 32:50 | Build | Stone Wall |
| 33:32 | Build | Stone Wall |
| 34:25 | Build | Town Center |
| 34:46 | Build | Stone Wall |
| 35:00 | Build | Stone Wall |
| 36:41 | Build | Stone Wall |
| 36:50 | Build | Stone Wall |
| 37:15 | Build | Stone Wall |
| 38:32 | Build | Stone Wall |
| 38:56 | Build | Stone Wall |
| 39:12 | Build | Market |
Build order — [CL] ElPali
First 150 of 374 actions detected
| 0:01 | Create | Villager (Male) ×4 |
| 0:02 | Build | House |
| 0:04 | Build | House |
| 0:18 | Research | Loom |
| 0:50 | Create | Villager (Male) |
| 0:51 | Create | Villager (Male) |
| 0:51 | Create | Villager (Male) |
| 0:51 | Create | Villager (Male) |
| 1:02 | Build | Palisade Wall |
| 1:42 | Build | Lumber Camp |
| 2:05 | Create | Villager (Male) |
| 2:05 | Create | Villager (Male) |
| 2:05 | Create | Villager (Male) |
| 2:24 | Create | Villager (Male) |
| 2:55 | Create | Villager (Male) |
| 2:56 | Create | Villager (Male) |
| 3:24 | Create | Villager (Male) |
| 3:25 | Create | Villager (Male) |
| 3:50 | Create | Villager (Male) |
| 3:51 | Create | Villager (Male) |
| 4:13 | Create | Villager (Male) |
| 4:14 | Create | Villager (Male) |
| 4:19 | Build | House |
| 4:35 | Build | Lumber Camp |
| 4:44 | Create | Villager (Male) |
| 5:10 | Create | Villager (Male) |
| 5:11 | Create | Villager (Male) |
| 5:36 | Create | Villager (Male) |
| 5:36 | Create | Villager (Male) |
| 5:37 | Create | Villager (Male) |
| 5:52 | Build | House |
| 6:30 | Create | Villager (Male) |
| 6:30 | Create | Villager (Male) |
| 6:34 | Create | Villager (Male) |
| 6:34 | Create | Villager (Male) |
| 6:34 | Create | Villager (Male) |
| 6:57 | Create | Villager (Male) |
| 6:58 | Create | Villager (Male) |
| 7:10 | Build | House |
| 7:22 | Build | Mill |
| 8:06 | Create | Villager (Male) |
| 8:23 | Create | Villager (Male) |
| 8:23 | Create | Villager (Male) |
| 9:01 | Research | Feudal Age |
| 9:01 | Research | Feudal Age |
| 9:19 | Build | Mining Camp |
| 10:13 | Build | Outpost |
| 10:15 | Build | Palisade Wall |
| 10:28 | Create | Villager (Male) |
| 10:28 | Create | Villager (Male) |
| 11:11 | Age | Feudal Age |
| 11:13 | Create | Villager (Male) |
| 11:14 | Create | Villager (Male) |
| 11:18 | Build | Market |
| 11:22 | Build | Blacksmith |
| 12:25 | Research | Castle Age |
| 12:26 | Research | Castle Age |
| 12:42 | Build | Mining Camp |
| 13:41 | Research | Stone Mining |
| 13:44 | Research | Double-Bit Axe |
| 14:18 | Research | Horse Collar |
| 14:50 | Create | Villager (Male) |
| 15:06 | Age | Castle Age |
| 15:21 | Create | Villager (Male) |
| 16:06 | Build | Castle |
| 16:14 | Create | Villager (Male) |
| 16:14 | Create | Villager (Male) |
| 16:51 | Create | Villager (Male) |
| 16:51 | Create | Villager (Male) |
| 17:03 | Create | Conquistador |
| 17:19 | Create | Villager (Male) |
| 17:29 | Create | Conquistador |
| 17:33 | Build | Farm |
| 17:35 | Build | Farm |
| 17:36 | Build | Farm |
| 17:38 | Build | Farm |
| 17:39 | Build | Farm |
| 17:39 | Build | Farm |
| 17:43 | Build | Farm |
| 17:44 | Build | Farm |
| 17:51 | Create | Conquistador |
| 18:07 | Create | Petard |
| 18:08 | Create | Petard |
| 18:22 | Create | Villager (Male) |
| 18:22 | Create | Villager (Male) |
| 18:29 | Build | Farm |
| 18:30 | Build | Farm |
| 18:31 | Build | Farm |
| 18:38 | Create | Petard |
| 18:49 | Create | Villager (Male) |
| 18:50 | Create | Villager (Male) |
| 19:15 | Create | Conquistador |
| 19:29 | Create | Conquistador |
| 19:38 | Create | Villager (Male) |
| 19:38 | Create | Villager (Male) |
| 19:38 | Create | Villager (Male) |
| 19:46 | Build | Farm |
| 19:47 | Build | Farm |
| 19:49 | Build | Farm |
| 20:10 | Create | Villager (Male) |
| 20:10 | Create | Villager (Male) |
| 20:46 | Create | Villager (Male) |
| 20:46 | Create | Villager (Male) |
| 20:47 | Create | Villager (Male) |
| 21:03 | Research | Town Watch |
| 21:09 | Build | Town Center |
| 21:18 | Build | Town Center |
| 21:50 | Create | Villager (Male) |
| 21:50 | Create | Villager (Male) |
| 21:50 | Create | Villager (Male) |
| 21:51 | Create | Villager (Male) |
| 21:59 | Research | Wheelbarrow |
| 22:00 | Research | Bow Saw |
| 22:12 | Create | Villager (Male) |
| 22:12 | Create | Villager (Male) |
| 22:32 | Create | Villager (Male) |
| 22:33 | Create | Villager (Male) |
| 22:55 | Build | Town Center |
| 23:15 | Create | Villager (Male) |
| 23:15 | Create | Villager (Male) |
| 23:16 | Create | Villager (Male) |
| 23:16 | Create | Villager (Male) |
| 23:16 | Create | Villager (Male) |
| 23:38 | Create | Villager (Male) |
| 23:39 | Create | Villager (Male) |
| 23:39 | Create | Villager (Male) |
| 23:45 | Build | Farm |
| 23:46 | Build | Farm |
| 23:47 | Build | Farm |
| 23:49 | Build | Farm |
| 23:50 | Build | Farm |
| 23:51 | Build | Farm |
| 23:52 | Build | Farm |
| 23:53 | Build | Farm |
| 24:08 | Create | Villager (Male) |
| 24:08 | Create | Villager (Male) |
| 24:09 | Create | Villager (Male) |
| 24:09 | Create | Villager (Male) |
| 24:37 | Create | Villager (Male) |
| 24:41 | Build | Farm |
| 24:42 | Build | Farm |
| 24:46 | Build | Farm |
| 24:47 | Create | Villager (Male) |
| 24:48 | Create | Villager (Male) |
| 24:48 | Create | Villager (Male) |
| 24:48 | Create | Villager (Male) |
| 24:49 | Create | Villager (Male) |
| 25:13 | Create | Villager (Male) |
| 25:14 | Create | Villager (Male) |
| 25:14 | Create | Villager (Male) |
Build order — Remo
First 150 of 351 actions detected
| 0:01 | Create | Villager (Male) |
| 0:01 | Create | Villager (Male) |
| 0:02 | Build | House |
| 0:03 | Build | House |
| 0:13 | Create | Villager (Male) |
| 0:19 | Create | Villager (Male) |
| 0:43 | Research | Loom |
| 0:44 | Create | Villager (Male) |
| 0:57 | Create | Villager (Male) |
| 1:25 | Build | Palisade Wall |
| 1:42 | Create | Villager (Male) |
| 2:04 | Build | House |
| 2:19 | Build | Palisade Wall |
| 2:27 | Create | Villager (Male) |
| 2:50 | Create | Villager (Male) |
| 3:25 | Create | Villager (Male) |
| 3:26 | Create | Villager (Male) |
| 3:30 | Build | Lumber Camp |
| 3:56 | Create | Villager (Male) |
| 3:56 | Create | Villager (Male) |
| 4:20 | Create | Villager (Male) |
| 4:20 | Create | Villager (Male) |
| 4:44 | Build | House |
| 4:49 | Create | Villager (Male) |
| 4:49 | Create | Villager (Male) |
| 5:11 | Create | Villager (Male) |
| 5:18 | Build | Palisade Wall |
| 5:39 | Create | Villager (Male) |
| 5:55 | Create | Villager (Male) |
| 6:01 | Build | Palisade Wall |
| 6:22 | Create | Villager (Male) |
| 6:32 | Build | Mill |
| 7:14 | Create | Villager (Male) |
| 7:37 | Build | Mining Camp |
| 7:43 | Build | Mining Camp |
| 7:45 | Create | Villager (Male) |
| 7:51 | Create | Villager (Male) |
| 8:29 | Build | Palisade Wall |
| 8:31 | Build | Palisade Wall |
| 8:42 | Create | Villager (Male) |
| 8:43 | Create | Villager (Male) |
| 8:48 | Create | Villager (Male) |
| 9:23 | Research | Feudal Age |
| 9:50 | Build | Palisade Wall |
| 9:54 | Build | Palisade Wall |
| 9:57 | Build | House |
| 10:38 | Build | Palisade Wall |
| 10:41 | Build | Palisade Wall |
| 10:53 | Build | Palisade Wall |
| 10:54 | Build | Palisade Wall |
| 10:54 | Build | Palisade Wall |
| 10:55 | Build | Palisade Wall |
| 10:58 | Create | Villager (Male) |
| 11:33 | Age | Feudal Age |
| 11:40 | Build | Watch Tower |
| 11:45 | Build | Stone Wall |
| 11:46 | Build | Stone Wall |
| 12:11 | Build | Blacksmith |
| 12:11 | Create | Villager (Male) |
| 12:23 | Build | Mining Camp |
| 12:24 | Create | Villager (Male) |
| 12:33 | Create | Villager (Male) |
| 12:55 | Create | Villager (Male) |
| 13:18 | Research | Fletching |
| 13:26 | Create | Villager (Male) |
| 13:30 | Build | House |
| 13:32 | Build | House |
| 13:34 | Build | House |
| 14:03 | Build | House |
| 14:28 | Create | Villager (Male) |
| 14:34 | Build | Market |
| 15:14 | Create | Villager (Male) |
| 15:15 | Create | Villager (Male) |
| 15:17 | Build | Farm |
| 15:24 | Research | Double-Bit Axe |
| 15:44 | Create | Villager (Male) |
| 16:30 | Research | Horse Collar |
| 16:37 | Create | Villager (Male) |
| 16:38 | Create | Villager (Male) |
| 17:17 | Create | Villager (Male) |
| 17:17 | Create | Villager (Male) |
| 17:57 | Create | Villager (Male) |
| 17:59 | Build | Farm |
| 18:02 | Build | Farm |
| 18:02 | Build | Farm |
| 18:03 | Build | Farm |
| 18:06 | Build | Farm |
| 18:07 | Build | Farm |
| 18:10 | Build | House |
| 18:13 | Build | House |
| 18:25 | Create | Villager (Male) |
| 18:44 | Research | Castle Age |
| 18:44 | Research | Castle Age |
| 19:20 | Build | Mining Camp |
| 19:59 | Create | Villager (Male) |
| 20:19 | Create | Villager (Male) |
| 21:24 | Age | Castle Age |
| 21:26 | Build | Town Center |
| 21:27 | Build | Town Center |
| 21:31 | Build | Town Center |
| 21:35 | Create | Villager (Male) |
| 21:35 | Create | Villager (Male) |
| 21:52 | Create | Villager (Male) |
| 21:53 | Create | Villager (Male) |
| 21:57 | Build | Mill |
| 22:15 | Research | Bow Saw |
| 22:18 | Create | Villager (Male) |
| 22:31 | Create | Villager (Male) |
| 22:33 | Build | Farm |
| 22:36 | Build | Farm |
| 22:39 | Create | Villager (Male) |
| 22:47 | Create | Villager (Male) |
| 22:50 | Build | Farm |
| 22:52 | Create | Villager (Male) |
| 22:58 | Build | Farm |
| 22:59 | Create | Villager (Male) |
| 23:04 | Create | Villager (Male) |
| 23:10 | Build | Farm |
| 23:11 | Create | Villager (Male) |
| 23:15 | Build | House |
| 23:18 | Create | Villager (Male) |
| 23:21 | Build | Farm |
| 23:29 | Build | Farm |
| 23:29 | Create | Villager (Male) |
| 23:31 | Create | Villager (Male) |
| 23:31 | Create | Villager (Male) |
| 23:43 | Create | Villager (Male) |
| 23:43 | Create | Villager (Male) |
| 23:47 | Build | Farm |
| 23:57 | Build | Stone Wall |
| 23:59 | Build | Stone Wall |
| 24:04 | Build | Gate |
| 24:04 | Create | Villager (Male) |
| 24:11 | Build | Farm |
| 24:12 | Build | Farm |
| 24:15 | Build | Farm |
| 24:17 | Build | Farm |
| 24:19 | Build | Farm |
| 24:22 | Create | Villager (Male) |
| 24:22 | Create | Villager (Male) |
| 24:22 | Create | Villager (Male) |
| 24:37 | Create | Villager (Male) |
| 24:37 | Create | Villager (Male) |
| 24:58 | Create | Villager (Male) |
| 24:58 | Create | Villager (Male) |
| 25:03 | Create | Villager (Male) |
| 25:07 | Build | Farm |
| 25:07 | Build | Farm |
| 25:09 | Build | Farm |
| 25:10 | Build | Farm |
Build order — Nedture
First 150 of 460 actions detected
| 0:01 | Create | Villager (Male) |
| 0:01 | Create | Villager (Male) |
| 0:02 | Build | House |
| 0:04 | Build | House |
| 0:22 | Create | Villager (Male) |
| 0:25 | Create | Villager (Male) |
| 1:18 | Create | Villager (Male) |
| 1:59 | Create | Villager (Male) |
| 2:00 | Create | Villager (Male) |
| 2:13 | Build | Lumber Camp |
| 2:15 | Create | Villager (Male) |
| 2:44 | Create | Villager (Male) |
| 2:44 | Create | Villager (Male) |
| 3:01 | Create | Villager (Male) |
| 3:33 | Create | Villager (Male) |
| 3:41 | Create | Villager (Male) |
| 3:46 | Build | House |
| 4:10 | Create | Villager (Male) |
| 4:47 | Build | Mill |
| 4:55 | Create | Villager (Male) |
| 5:11 | Create | Villager (Male) |
| 5:19 | Create | Villager (Male) |
| 5:34 | Build | House |
| 5:37 | Create | Villager (Male) |
| 6:20 | Create | Villager (Male) |
| 6:52 | Create | Villager (Male) |
| 6:59 | Create | Villager (Male) |
| 7:26 | Create | Villager (Male) |
| 7:49 | Build | Mining Camp |
| 8:00 | Research | Feudal Age |
| 8:00 | Research | Feudal Age |
| 8:00 | Research | Feudal Age |
| 8:00 | Research | Feudal Age |
| 8:00 | Research | Feudal Age |
| 8:00 | Research | Feudal Age |
| 9:53 | Create | Villager (Male) |
| 10:10 | Age | Feudal Age |
| 10:17 | Build | Market |
| 10:20 | Build | Blacksmith |
| 10:21 | Create | Villager (Male) |
| 10:33 | Create | Villager (Male) |
| 10:57 | Research | Loom |
| 10:57 | Research | Loom |
| 11:16 | Build | Farm |
| 11:18 | Build | Farm |
| 11:35 | Create | Villager (Male) |
| 11:44 | Build | Farm |
| 12:22 | Build | Farm |
| 12:23 | Research | Castle Age |
| 12:23 | Research | Castle Age |
| 12:23 | Research | Castle Age |
| 12:23 | Research | Castle Age |
| 12:23 | Research | Castle Age |
| 12:23 | Research | Castle Age |
| 12:23 | Research | Castle Age |
| 14:54 | Research | Double-Bit Axe |
| 14:54 | Research | Double-Bit Axe |
| 15:03 | Age | Castle Age |
| 15:12 | Build | Town Center |
| 15:13 | Create | Villager (Male) |
| 15:19 | Research | Wheelbarrow |
| 15:19 | Research | Wheelbarrow |
| 15:47 | Build | Town Center |
| 15:51 | Create | Villager (Male) |
| 15:55 | Build | House |
| 16:06 | Research | Horse Collar |
| 16:06 | Research | Horse Collar |
| 16:28 | Build | Farm |
| 16:29 | Build | Farm |
| 16:32 | Create | Villager (Male) |
| 16:37 | Create | Villager (Male) |
| 16:37 | Create | Villager (Male) |
| 16:37 | Create | Villager (Male) |
| 16:40 | Build | Farm |
| 16:53 | Create | Villager (Male) |
| 16:58 | Build | Farm |
| 17:04 | Build | Farm |
| 17:11 | Create | Villager (Male) |
| 17:11 | Create | Villager (Male) |
| 17:22 | Build | Farm |
| 17:23 | Create | Villager (Male) |
| 17:39 | Create | Villager (Male) |
| 17:43 | Build | Farm |
| 17:56 | Create | Villager (Male) |
| 17:57 | Create | Villager (Male) |
| 17:59 | Build | Farm |
| 18:01 | Build | Farm |
| 18:06 | Build | Farm |
| 18:07 | Build | Farm |
| 18:08 | Create | Villager (Male) |
| 18:08 | Create | Villager (Male) |
| 18:13 | Build | Farm |
| 18:16 | Build | Farm |
| 18:20 | Create | Villager (Male) |
| 18:21 | Create | Villager (Male) |
| 18:32 | Create | Villager (Male) |
| 18:37 | Build | Farm |
| 18:38 | Create | Villager (Male) |
| 18:38 | Create | Villager (Male) |
| 18:47 | Create | Villager (Male) |
| 18:47 | Create | Villager (Male) |
| 18:50 | Build | Farm |
| 18:52 | Build | Farm |
| 18:53 | Create | Villager (Male) |
| 18:53 | Create | Villager (Male) |
| 19:03 | Create | Villager (Male) |
| 19:08 | Build | House |
| 19:12 | Research | Town Watch |
| 19:12 | Research | Town Watch |
| 19:12 | Research | Town Watch |
| 19:15 | Create | Villager (Male) |
| 19:56 | Create | Villager (Male) |
| 19:57 | Create | Villager (Male) |
| 19:58 | Build | Farm |
| 19:58 | Build | Farm |
| 19:59 | Create | Villager (Male) |
| 19:59 | Create | Villager (Male) |
| 20:07 | Build | Farm |
| 20:08 | Create | Villager (Male) |
| 20:08 | Create | Villager (Male) |
| 20:22 | Build | House |
| 20:25 | Build | House |
| 20:27 | Research | Hand Cart |
| 20:27 | Research | Hand Cart |
| 20:29 | Build | House |
| 20:34 | Create | Villager (Male) |
| 20:35 | Create | Villager (Male) |
| 20:46 | Create | Villager (Male) |
| 20:48 | Build | House |
| 20:53 | Create | Villager (Male) |
| 20:53 | Create | Villager (Male) |
| 21:10 | Research | Bow Saw |
| 21:10 | Research | Bow Saw |
| 21:13 | Create | Villager (Male) |
| 21:13 | Create | Villager (Male) |
| 21:33 | Create | Villager (Male) |
| 21:47 | Build | Farm |
| 21:47 | Build | Farm |
| 21:54 | Create | Villager (Male) |
| 21:55 | Create | Villager (Male) |
| 21:56 | Create | Villager (Male) |
| 22:08 | Build | Farm |
| 22:10 | Create | Villager (Male) |
| 22:10 | Create | Villager (Male) |
| 22:11 | Build | Farm |
| 22:11 | Build | Farm |
| 22:12 | Create | Villager (Male) |
| 22:14 | Create | Villager (Male) |
| 22:28 | Create | Villager (Male) |
| 22:29 | Create | Villager (Male) |
Build order — SiMpSoN
First 150 of 412 actions detected
| 0:01 | Create | Villager (Male) |
| 0:01 | Create | Villager (Male) |
| 0:02 | Build | House |
| 0:03 | Build | House |
| 0:12 | Create | Villager (Male) |
| 0:13 | Create | Villager (Male) |
| 0:13 | Create | Villager (Male) |
| 1:23 | Create | Villager (Male) |
| 1:23 | Create | Villager (Male) |
| 1:39 | Build | Lumber Camp |
| 1:55 | Create | Villager (Male) |
| 1:56 | Create | Villager (Male) |
| 2:15 | Create | Villager (Male) |
| 2:58 | Create | Villager (Male) |
| 2:58 | Create | Villager (Male) |
| 3:00 | Build | House |
| 3:14 | Create | Villager (Male) |
| 3:15 | Create | Villager (Male) |
| 3:26 | Create | Villager (Male) |
| 3:26 | Create | Villager (Male) |
| 4:08 | Create | Villager (Male) |
| 4:08 | Create | Villager (Male) |
| 4:36 | Create | Villager (Male) |
| 4:44 | Create | Villager (Male) |
| 4:44 | Create | Villager (Male) |
| 4:59 | Research | Loom |
| 5:04 | Create | Villager (Male) |
| 5:04 | Create | Villager (Male) |
| 5:04 | Create | Villager (Male) |
| 5:07 | Build | House |
| 5:13 | Create | Villager (Male) |
| 5:14 | Create | Villager (Male) |
| 5:14 | Create | Villager (Male) |
| 5:22 | Create | Villager (Male) |
| 5:22 | Create | Villager (Male) |
| 5:36 | Create | Villager (Male) |
| 5:36 | Create | Villager (Male) |
| 6:13 | Build | Palisade Wall |
| 6:28 | Create | Villager (Male) |
| 6:28 | Create | Villager (Male) |
| 6:46 | Build | Mill |
| 6:49 | Create | Villager (Male) |
| 7:02 | Create | Villager (Male) |
| 7:02 | Create | Villager (Male) |
| 7:13 | Create | Villager (Male) |
| 7:43 | Create | Villager (Male) |
| 7:43 | Create | Villager (Male) |
| 7:45 | Build | House |
| 7:54 | Create | Villager (Male) |
| 7:54 | Create | Villager (Male) |
| 8:07 | Build | House |
| 8:26 | Build | Farm |
| 8:27 | Build | Farm |
| 8:28 | Create | Villager (Male) |
| 8:43 | Build | House |
| 8:50 | Create | Villager (Male) |
| 8:50 | Create | Villager (Male) |
| 9:55 | Build | House |
| 10:42 | Build | Mining Camp |
| 10:47 | Research | Feudal Age |
| 10:58 | Build | Barracks |
| 11:01 | Build | Palisade Wall |
| 11:02 | Build | Palisade Wall |
| 11:19 | Build | Farm |
| 12:14 | Create | Militia ×5 |
| 12:14 | Create | Militia ×5 |
| 12:14 | Create | Militia |
| 12:58 | Create | Villager (Male) |
| 13:12 | Age | Feudal Age |
| 13:22 | Build | Stable |
| 13:25 | Build | Palisade Wall |
| 13:31 | Research | Man-at-Arms (upgrade) |
| 13:31 | Create | Villager (Male) |
| 13:37 | Build | Blacksmith |
| 13:41 | Create | Villager (Male) ×5 |
| 13:41 | Create | Villager (Male) ×5 |
| 13:42 | Create | Villager (Male) ×5 |
| 13:42 | Create | Villager (Male) ×4 |
| 13:43 | Create | Militia |
| 14:00 | Research | Double-Bit Axe |
| 14:00 | Research | Double-Bit Axe |
| 14:04 | Research | Horse Collar |
| 14:04 | Research | Horse Collar |
| 14:20 | Build | Palisade Wall |
| 14:21 | Create | Militia |
| 14:28 | Build | Farm |
| 14:30 | Build | Farm |
| 14:32 | Build | Farm |
| 14:36 | Create | Militia |
| 14:56 | Build | House |
| 15:06 | Build | Farm |
| 15:07 | Build | Farm |
| 15:39 | Build | Farm |
| 15:41 | Build | Farm |
| 15:57 | Research | Castle Age |
| 16:03 | Build | Lumber Camp |
| 16:22 | Build | Stone Wall |
| 17:03 | Build | House |
| 18:04 | Build | House |
| 18:23 | Age | Castle Age |
| 18:24 | Build | House |
| 18:30 | Build | Town Center |
| 18:33 | Research | Bow Saw |
| 18:34 | Research | Heavy Plow |
| 18:36 | Research | Wheelbarrow |
| 18:37 | Create | Villager (Male) |
| 18:45 | Create | Scout Cavalry |
| 19:03 | Build | House |
| 19:08 | Build | Town Center |
| 19:17 | Create | Villager (Male) |
| 19:39 | Build | House |
| 19:55 | Create | Villager (Male) ×5 |
| 20:19 | Create | Villager (Male) ×5 |
| 20:19 | Create | Villager (Male) ×5 |
| 20:20 | Create | Villager (Male) ×4 |
| 21:07 | Create | Villager (Male) ×3 |
| 21:08 | Create | Villager (Male) ×3 |
| 21:15 | Create | Villager (Male) |
| 21:16 | Create | Villager (Male) |
| 21:18 | Build | Town Center |
| 21:20 | Build | Farm |
| 21:21 | Build | Farm |
| 21:25 | Build | Farm |
| 21:28 | Build | Farm |
| 21:28 | Build | Farm |
| 21:28 | Build | Farm |
| 21:28 | Build | Farm |
| 21:28 | Build | Farm |
| 21:41 | Build | Farm |
| 21:45 | Build | Farm |
| 21:50 | Create | Villager (Male) |
| 21:50 | Create | Villager (Male) |
| 21:53 | Build | Farm |
| 21:54 | Build | Farm |
| 21:56 | Build | Farm |
| 21:58 | Create | Villager (Male) |
| 21:58 | Create | Villager (Male) |
| 22:00 | Build | Lumber Camp |
| 22:12 | Research | Stone Mining |
| 22:16 | Build | Farm |
| 22:18 | Create | Villager (Male) |
| 22:18 | Create | Villager (Male) |
| 22:20 | Build | Farm |
| 22:21 | Build | Farm |
| 22:26 | Create | Villager (Male) |
| 22:26 | Create | Villager (Male) |
| 22:38 | Create | Villager (Male) |
| 22:39 | Create | Villager (Male) |
| 22:50 | Build | Farm |
| 22:52 | Create | Villager (Male) ×3 |
Build order — The King Slayer
First 150 of 498 actions detected
| 0:03 | Create | Villager (Male) |
| 0:03 | Create | Villager (Male) |
| 0:03 | Create | Villager (Male) |
| 0:04 | Create | Villager (Male) |
| 0:05 | Build | House |
| 0:06 | Build | House |
| 1:22 | Create | Villager (Male) |
| 1:56 | Create | Villager (Male) |
| 2:19 | Create | Villager (Male) |
| 2:38 | Build | Lumber Camp |
| 2:51 | Create | Villager (Male) |
| 3:13 | Create | Villager (Male) |
| 3:39 | Create | Villager (Male) |
| 4:12 | Create | Villager (Male) |
| 4:14 | Build | House |
| 4:20 | Create | Villager (Male) |
| 5:05 | Create | Villager (Male) |
| 5:06 | Create | Villager (Male) |
| 5:07 | Build | House |
| 5:14 | Create | Villager (Male) |
| 5:29 | Create | Villager (Male) |
| 5:50 | Create | Villager (Male) |
| 6:29 | Build | House |
| 6:34 | Create | Villager (Male) |
| 6:35 | Create | Villager (Male) |
| 7:11 | Create | Villager (Male) |
| 7:36 | Create | Villager (Male) |
| 7:42 | Create | Villager (Male) |
| 7:54 | Create | Villager (Male) |
| 7:54 | Create | Villager (Male) |
| 8:18 | Create | Villager (Male) |
| 8:37 | Create | Villager (Male) |
| 8:49 | Build | Mill |
| 8:55 | Create | Villager (Male) |
| 9:36 | Research | Feudal Age |
| 10:10 | Build | House |
| 10:11 | Build | House |
| 10:13 | Build | House |
| 10:48 | Create | Villager (Male) |
| 10:48 | Create | Villager (Male) |
| 11:51 | Age | Feudal Age |
| 11:56 | Build | House |
| 12:02 | Build | House |
| 12:11 | Build | Farm |
| 12:12 | Build | Farm |
| 12:13 | Build | Farm |
| 12:14 | Create | Villager (Male) |
| 12:17 | Build | Market |
| 12:23 | Build | Blacksmith |
| 12:36 | Build | Farm |
| 13:05 | Create | Villager (Male) |
| 13:05 | Create | Villager (Male) |
| 13:06 | Create | Villager (Male) |
| 13:15 | Research | Loom |
| 13:23 | Research | Castle Age |
| 13:23 | Research | Castle Age |
| 13:51 | Build | Farm |
| 13:51 | Build | Farm |
| 13:52 | Build | Farm |
| 14:04 | Build | House |
| 14:05 | Build | House |
| 14:11 | Build | Farm |
| 14:12 | Build | Farm |
| 14:25 | Build | Stone Wall |
| 14:26 | Build | Stone Wall |
| 14:27 | Build | Stone Wall |
| 14:28 | Build | Stone Wall |
| 15:12 | Build | Watch Tower |
| 15:17 | Create | Villager (Male) |
| 15:40 | Build | House |
| 16:04 | Create | Villager (Male) |
| 16:05 | Create | Villager (Male) |
| 16:36 | Age | Castle Age |
| 16:48 | Build | Town Center |
| 17:26 | Build | Town Center |
| 17:37 | Create | Villager (Male) |
| 17:38 | Create | Villager (Male) |
| 17:49 | Create | Villager (Male) |
| 17:49 | Create | Villager (Male) |
| 18:18 | Create | Villager (Male) |
| 18:18 | Create | Villager (Male) |
| 18:21 | Build | Farm |
| 18:22 | Build | Farm |
| 18:26 | Build | Farm |
| 18:35 | Create | Villager (Male) |
| 18:35 | Create | Villager (Male) |
| 18:35 | Create | Villager (Male) |
| 18:47 | Create | Villager (Male) |
| 18:47 | Create | Villager (Male) |
| 19:13 | Create | Villager (Male) |
| 19:13 | Create | Villager (Male) |
| 19:19 | Build | Monastery |
| 19:21 | Build | Farm |
| 19:23 | Build | Farm |
| 19:24 | Build | Farm |
| 19:28 | Build | Farm |
| 19:32 | Create | Villager (Male) |
| 19:32 | Create | Villager (Male) |
| 19:33 | Create | Villager (Male) |
| 19:54 | Create | Villager (Male) |
| 19:54 | Create | Villager (Male) |
| 20:01 | Build | Farm |
| 20:01 | Build | Farm |
| 20:02 | Build | Farm |
| 20:03 | Build | Farm |
| 20:10 | Create | Villager (Male) |
| 20:10 | Create | Villager (Male) |
| 20:14 | Create | Villager (Male) |
| 20:15 | Create | Villager (Male) |
| 20:34 | Create | Villager (Male) |
| 20:35 | Create | Villager (Male) |
| 20:38 | Build | Farm |
| 20:40 | Build | Farm |
| 20:41 | Build | Farm |
| 20:41 | Build | Farm |
| 20:46 | Create | Villager (Male) |
| 20:46 | Create | Villager (Male) |
| 20:58 | Create | Monk |
| 21:06 | Build | Stone Wall |
| 21:09 | Build | Stone Wall |
| 21:18 | Build | Gate |
| 21:21 | Create | Villager (Male) |
| 21:21 | Create | Villager (Male) |
| 21:22 | Create | Villager (Male) |
| 21:22 | Create | Villager (Male) |
| 21:25 | Build | Farm |
| 21:26 | Build | Farm |
| 21:37 | Create | Villager (Male) |
| 21:37 | Create | Villager (Male) |
| 21:47 | Build | Farm |
| 21:48 | Build | Farm |
| 21:49 | Build | Farm |
| 21:50 | Create | Villager (Male) |
| 21:50 | Create | Villager (Male) |
| 22:06 | Create | Villager (Male) |
| 22:06 | Create | Villager (Male) |
| 22:07 | Create | Villager (Male) |
| 22:17 | Build | House |
| 22:18 | Build | House |
| 22:18 | Build | House |
| 22:30 | Build | House |
| 22:31 | Build | House |
| 22:40 | Create | Villager (Male) |
| 22:41 | Create | Villager (Male) |
| 22:52 | Build | Town Center |
| 23:10 | Create | Villager (Male) |
| 23:11 | Create | Villager (Male) |
| 23:11 | Create | Villager (Male) |
| 23:11 | Create | Villager (Male) |
| 23:27 | Create | Villager (Male) |
Match timeline
| 1:02 | [CL] ElPali · wall_segment Palisade Wall x12 |
| 1:25 | Remo · wall_segment Palisade Wall x10 |
| 1:56 | DL | Diosito Piola all · wall_segment Palisade Wall x6 |
| 2:19 | Remo · wall_segment Palisade Wall x1 |
| 2:51 | DL | Diosito Piola all · wall_segment Palisade Wall x4 |
| 5:18 | Remo · wall_segment Palisade Wall x10 |
| 6:01 | Remo · wall_segment Palisade Wall x3 |
| 6:13 | SiMpSoN · wall_segment Palisade Wall x8 |
| 8:08 | Mariano Freudenthal Porteño · age_up feudal |
| 8:29 | Remo · wall_segment Palisade Wall x5 |
| 8:31 | Remo · wall_segment Palisade Wall x5 |
| 9:50 | Remo · wall_segment Palisade Wall x7 |
| 9:54 | Remo · wall_segment Palisade Wall x1 |
| 10:08 | DL | Diosito Piola all · wall_segment Palisade Wall x1 |
| 10:10 | Nedture · age_up feudal |
| 10:15 | [CL] ElPali · wall_segment Palisade Wall x10 |
| 10:34 | UrielFlocru · age_up feudal |
| 10:38 | Remo · wall_segment Palisade Wall x5 |
| 10:41 | Remo · wall_segment Palisade Wall x5 |
| 10:43 | DL | Diosito Piola all · age_up feudal |
| 10:49 | DL | Diosito Piola all · wall_segment Stone Wall x1 |
| 10:53 | DL | Diosito Piola all · wall_segment Stone Wall x1 |
| 10:53 | Remo · wall_segment Palisade Wall x3 |
| 10:54 | Remo · wall_segment Palisade Wall x1 |
| 10:54 | Remo · wall_segment Palisade Wall x1 |
| 10:55 | Remo · wall_segment Palisade Wall x1 |
| 10:58 | SiMpSoN · first_building Barracks |
| 11:00 | DL | Diosito Piola all · wall_segment Stone Wall x11 |
| 11:01 | SiMpSoN · wall_segment Palisade Wall x1 |
| 11:02 | SiMpSoN · wall_segment Palisade Wall x1 |
| 11:11 | [CL] ElPali · age_up feudal |
| 11:12 | DL | Diosito Piola all · wall_segment Stone Wall x8 |
| 11:33 | Remo · age_up feudal |
| 11:45 | Remo · wall_segment Stone Wall x1 |
| 11:46 | Remo · wall_segment Stone Wall x1 |
| 11:51 | The King Slayer · age_up feudal |
| 12:00 | DL | Diosito Piola all · wall_segment Palisade Wall x5 |
| 12:12 | Nedture · first_market_sell 100 stone |
| 12:13 | [CL] ElPali · first_market_sell 100 wood |
| 12:14 | [CL] ElPali · first_market_buy 100 food |
| 12:46 | DL | Diosito Piola all · wall_segment Stone Wall x1 |
| 13:03 | DL | Diosito Piola all · wall_segment Stone Wall x3 |
| 13:05 | DL | Diosito Piola all · wall_segment Stone Wall x7 |
| 13:12 | SiMpSoN · age_up feudal |
| 13:20 | The King Slayer · first_market_sell 100 food |
| 13:22 | SiMpSoN · first_building Stable |
| 13:25 | SiMpSoN · wall_segment Palisade Wall x1 |
| 13:33 | DL | Diosito Piola all · first_market_sell 100 food |
| 14:20 | SiMpSoN · wall_segment Palisade Wall x1 |
| 14:25 | The King Slayer · wall_segment Stone Wall x1 |
| 14:26 | The King Slayer · wall_segment Stone Wall x1 |
| 14:27 | The King Slayer · wall_segment Stone Wall x4 |
| 14:28 | The King Slayer · wall_segment Stone Wall x3 |
| 14:34 | UrielFlocru · age_up castle |
| 15:03 | Nedture · age_up castle |
| 15:06 | [CL] ElPali · age_up castle |
| 15:18 | UrielFlocru · first_building Siege Workshop |
| 15:18 | Mariano Freudenthal Porteño · wall_segment Stone Wall x5 |
| 15:19 | Mariano Freudenthal Porteño · wall_segment Stone Wall x8 |
| 15:47 | Mariano Freudenthal Porteño · wall_segment Stone Wall x4 |
| 15:49 | Mariano Freudenthal Porteño · wall_segment Stone Wall x5 |
| 15:50 | Mariano Freudenthal Porteño · wall_segment Stone Wall x3 |
| 16:06 | [CL] ElPali · first_building Castle |
| 16:13 | Mariano Freudenthal Porteño · wall_segment Stone Wall x1 |
| 16:15 | DL | Diosito Piola all · age_up castle |
| 16:22 | SiMpSoN · wall_segment Stone Wall x9 |
| 16:33 | The King Slayer · first_market_buy 100 stone |
| 16:35 | Mariano Freudenthal Porteño · wall_segment Stone Wall x3 |
| 16:36 | The King Slayer · age_up castle |
| 16:36 | Mariano Freudenthal Porteño · wall_segment Stone Wall x5 |
| 16:37 | Mariano Freudenthal Porteño · wall_segment Stone Wall x1 |
| 16:40 | Mariano Freudenthal Porteño · wall_segment Stone Wall x4 |
| 16:53 | Mariano Freudenthal Porteño · wall_segment Stone Wall x4 |
| 17:12 | Mariano Freudenthal Porteño · wall_segment Stone Wall x1 |
| 17:29 | DL | Diosito Piola all · wall_segment Stone Wall x8 |
| 17:30 | Mariano Freudenthal Porteño · wall_segment Stone Wall x7 |
| 17:36 | DL | Diosito Piola all · wall_segment Stone Wall x13 |
| 17:38 | Mariano Freudenthal Porteño · wall_segment Stone Wall x6 |
| 17:39 | Mariano Freudenthal Porteño · wall_segment Stone Wall x8 |
| 17:39 | UrielFlocru · first_building Monastery |
| 17:42 | DL | Diosito Piola all · wall_segment Stone Wall x5 |
| 17:48 | DL | Diosito Piola all · first_building Siege Workshop |
| 17:53 | Nedture · first_market_buy 100 wood |
| 18:03 | DL | Diosito Piola all · first_building Monastery |
| 18:14 | Mariano Freudenthal Porteño · first_market_sell 100 wood |
| 18:15 | Mariano Freudenthal Porteño · first_market_buy 100 food |
| 18:23 | SiMpSoN · age_up castle |
| 18:24 | Mariano Freudenthal Porteño · wall_segment Stone Wall x6 |
| 18:25 | Mariano Freudenthal Porteño · wall_segment Stone Wall x5 |
| 18:31 | Remo · first_market_buy 100 food |
| 18:48 | DL | Diosito Piola all · wall_segment Stone Wall x7 |
| 19:00 | DL | Diosito Piola all · wall_segment Stone Wall x14 |
| 19:19 | The King Slayer · first_building Monastery |
| 19:32 | Mariano Freudenthal Porteño · wall_segment Stone Wall x6 |
| 19:32 | Mariano Freudenthal Porteño · wall_segment Stone Wall x6 |
| 19:43 | DL | Diosito Piola all · wall_segment Stone Wall x1 |
| 20:16 | Mariano Freudenthal Porteño · wall_segment Stone Wall x4 |
| 20:20 | Mariano Freudenthal Porteño · wall_segment Stone Wall x6 |
| 20:28 | Mariano Freudenthal Porteño · wall_segment Stone Wall x1 |
| 20:45 | Mariano Freudenthal Porteño · wall_segment Stone Wall x1 |
| 20:47 | Mariano Freudenthal Porteño · wall_segment Stone Wall x1 |
| 21:06 | The King Slayer · wall_segment Stone Wall x8 |
| 21:06 | UrielFlocru · first_market_buy 100 stone |
| 21:09 | The King Slayer · wall_segment Stone Wall x7 |
| 21:13 | Mariano Freudenthal Porteño · wall_segment Stone Wall x11 |
| 21:17 | Mariano Freudenthal Porteño · age_up castle |
| 21:22 | Mariano Freudenthal Porteño · first_building Siege Workshop |
| 21:24 | Remo · age_up castle |
| 22:16 | DL | Diosito Piola all · wall_segment Stone Wall x6 |
| 23:00 | Nedture · wall_segment Stone Wall x3 |
| 23:54 | Nedture · first_building Castle |
| 23:57 | Remo · wall_segment Stone Wall x7 |
| 23:59 | Remo · wall_segment Stone Wall x9 |
| 24:47 | DL | Diosito Piola all · first_market_buy 100 stone |
| 24:48 | SiMpSoN · first_building Castle |
| 25:03 | DL | Diosito Piola all · first_building Castle |
| 25:42 | Nedture · first_building Monastery |
| 26:15 | DL | Diosito Piola all · wall_segment Stone Wall x16 |
| 26:22 | Mariano Freudenthal Porteño · wall_segment Stone Wall x1 |
| 26:37 | DL | Diosito Piola all · wall_segment Stone Wall x2 |
| 26:39 | Mariano Freudenthal Porteño · wall_segment Stone Wall x1 |
| 27:06 | DL | Diosito Piola all · wall_segment Stone Wall x1 |
| 27:10 | DL | Diosito Piola all · wall_segment Stone Wall x1 |
| 27:12 | DL | Diosito Piola all · wall_segment Stone Wall x1 |
| 27:14 | DL | Diosito Piola all · wall_segment Stone Wall x1 |
| 27:15 | UrielFlocru · first_building Barracks |
| 27:22 | Mariano Freudenthal Porteño · wall_segment Stone Wall x1 |
| 27:28 | Nedture · wall_segment Stone Wall x3 |
| 27:34 | Remo · first_building Castle |
| 28:13 | The King Slayer · first_building Barracks |
| 28:17 | UrielFlocru · first_building Castle |
| 28:35 | DL | Diosito Piola all · wall_segment Stone Wall x9 |
| 28:54 | [CL] ElPali · first_building Monastery |
| 29:00 | Remo · first_market_sell 500 wood |
| 29:20 | UrielFlocru · first_building Stable |
| 29:24 | Mariano Freudenthal Porteño · wall_segment Stone Wall x1 |
| 29:25 | Mariano Freudenthal Porteño · wall_segment Stone Wall x1 |
| 29:25 | SiMpSoN · first_building Monastery |
| 29:27 | DL | Diosito Piola all · wall_segment Stone Wall x10 |
| 29:29 | The King Slayer · first_building Stable |
| 30:01 | DL | Diosito Piola all · wall_segment Stone Wall x2 |
| 30:06 | DL | Diosito Piola all · wall_segment Stone Wall x4 |
| 30:27 | UrielFlocru · age_up imperial |
| 30:28 | SiMpSoN · age_up imperial |
| 30:40 | [CL] ElPali · first_building Barracks |
| 30:57 | Remo · first_building Barracks |
| 31:07 | DL | Diosito Piola all · wall_segment Stone Wall x13 |
| 31:09 | SiMpSoN · first_market_sell 100 wood |
| 31:18 | DL | Diosito Piola all · wall_segment Stone Wall x4 |
| 31:22 | [CL] ElPali · first_building Archery Range |
| 31:30 | The King Slayer · first_building Castle |
| 31:41 | Nedture · wall_segment Stone Wall x15 |
| 31:44 | DL | Diosito Piola all · wall_segment Stone Wall x10 |
| 31:53 | The King Slayer · age_up imperial |
| 31:56 | Nedture · age_up imperial |
| 31:58 | DL | Diosito Piola all · wall_segment Stone Wall x16 |
| 32:37 | [CL] ElPali · age_up imperial |
| 32:38 | Remo · first_building Siege Workshop |
| 32:50 | DL | Diosito Piola all · wall_segment Stone Wall x14 |
| 32:56 | Remo · age_up imperial |
| 33:32 | DL | Diosito Piola all · wall_segment Stone Wall x1 |
| 34:10 | Mariano Freudenthal Porteño · first_building Castle |
| 34:13 | Nedture · first_building Barracks |
| 34:46 | DL | Diosito Piola all · wall_segment Stone Wall x4 |
| 35:00 | DL | Diosito Piola all · wall_segment Stone Wall x1 |
| 35:01 | Mariano Freudenthal Porteño · age_up imperial |
| 36:41 | DL | Diosito Piola all · wall_segment Stone Wall x1 |
| 36:50 | DL | Diosito Piola all · wall_segment Stone Wall x16 |
| 37:15 | DL | Diosito Piola all · wall_segment Stone Wall x15 |
| 37:29 | Remo · wall_segment Stone Wall x1 |
| 37:31 | Remo · wall_segment Stone Wall x1 |
| 37:33 | Remo · wall_segment Stone Wall x1 |
| 37:34 | Remo · wall_segment Stone Wall x1 |
| 37:36 | Remo · wall_segment Stone Wall x1 |
| 38:32 | DL | Diosito Piola all · wall_segment Stone Wall x6 |
| 38:56 | DL | Diosito Piola all · wall_segment Stone Wall x9 |
| 39:10 | Nedture · first_building Siege Workshop |
| 39:35 | Mariano Freudenthal Porteño · resign |
[ AI ANALYSIS · 1 CREDIT ]
What really happened in this match?
Wolo.gg analyzes every decision: build order, eco, micro, common mistakes by bracket. Personalized analysis on WhatsApp or Discord in 30 seconds.
Civ guide
Mongols
Perfil
Jugador #23217628